Map: Cyber Forest LE

Players

Smeeeger - Winner!

  • Race: Zerg Zerg
  • League: Platinum
  • Spawn Location: 5:00

BattleLord

  • Race: Terran Terran
  • League: Platinum
  • Spawn Location: 11:00

VOD

Have the link to the VOD?

Description

Time

  • Played on: July 26, 2019, 8:59 a.m.
  • Length: 14:54
Show
View Real Time Build Order
Export as new Build Order

Smeeeger Zerg - Winner!

Build Orders: Hatch First 

Get SALT Encoding   

  12  0:01  Drone  
  13  0:13  Overlord  
  13  0:17  Drone  
  14  0:31  Drone x2  
  16  0:42  Drone  
  17  0:46  Drone  
  18  0:59  Drone  
  18  1:01  Extractor  
  18  1:03  Hatchery  
  17  1:14  Spawning Pool  
  17  1:18  Drone  
  17  1:21  Drone  
  18  1:29  Drone  
  19  1:41  Overlord  
  19  2:05  Queen  
  19  2:06  Zergling x4  
  23  2:14  Queen  
  23  2:15  Zergling x2  
  26  2:17  Drone, Metabolic Boost  
  27  2:23  Drone  
  29  2:37  Drone x3  
  31  2:47  Spore Crawler  
  31  2:49  Spore Crawler  
  31  2:50  Queen  
  31  2:59  Spore Crawler  
  31  3:00  Drone x3  
  31  3:01  Spore Crawler, Drone  
  32  3:25  Drone x4  
  34  3:37  Queen  
  36  3:42  Overlord x3  
  36  4:00  Hatchery  
  35  4:05  Drone x2  
  35  4:06  Drone x2, Overlord x2  
  39  4:10  Drone x3  
  42  4:26  Drone x2, Extractor  
  42  4:27  Drone x2, Extractor  
  42  4:28  Overlord  
  42  4:29  Overlord  
  44  4:40  Evolution Chamber  
  44  4:41  Roach Warren  
  44  4:43  Lair  
  42  4:47  Drone x3  
  45  4:53  Queen  
  45  4:59  Drone  
  48  5:00  Drone  
  45  5:24  Queen  
  45  5:28  Pneumatized Carapace  
  45  5:33  Spore Crawler  
  44  5:41  Spore Crawler  
  43  5:45  Drone x2  
  43  5:46  Drone  
  46  6:14  Spore Crawler x2  
  46  6:18  Queen x2  
  46  6:22  Spore Crawler  
  46  6:23  Spore Crawler  
  46  6:24  Spore Crawler  
  47  6:25  Spore Crawler  
  44  6:52  Roach x14  
  72  6:56  Queen  
  74  7:02  Spore Crawler  
  73  7:22  Nydus Network  
  72  7:32  Queen  
  72  7:34  Drone x5  
  79  7:43  Overlord x3  
  79  7:46  Glial Reconstitution  
  79  7:47  Zerg Missile Weapons Level 1  
  79  7:51  Queen  
  79  7:54  Overlord  
  79  7:55  Overlord x2  
  81  8:01  Nydus Canal  
  71  8:36  Overlord, Queen x2  
  71  8:40  Spire  
  60  8:55  Extractor  
  59  9:07  Roach  
  59  9:08  Roach x7  
  59  9:09  Overseer  
  75  9:12  Queen x2  
  79  9:20  Drone x2  
  79  9:22  Drone  
  82  9:42  Zerg Missile Weapons Level 2  
  82  9:47  Queen  
  82  9:48  Queen  
  86  9:53  Corruptor x8  
  86  9:58  Corruptor  
  104  10:17  Zerg Flyer Armor Level 1  
  104  10:18  Overlord x3  
  104  10:26  Infestation Pit  
  103  10:49  Nydus Canal  
  103  10:56  Corruptor  
  103  10:57  Corruptor x4  
  113  11:13  Corruptor x2  
  117  11:36  Hatchery  
  116  11:46  Corruptor  
  116  11:47  Corruptor x2  
  120  12:07  Zergling x14  
  120  12:08  Extractor  
  126  12:11  Extractor  
  123  12:32  Hive  
  123  12:34  Drone x6  
  129  12:43  Zergling x2  
  130  12:49  Queen  
  109  13:25  Zergling x2  
  109  13:26  Zergling x24  
  111  13:35  Queen  
Show
View Real Time Build Order
Export as new Build Order

BattleLord Terran 

Build Orders: 1/1/1 

Get SALT Encoding   

  12  0:01  SCV  
  13  0:13  SCV  
  14  0:19  Supply Depot  
  14  0:25  SCV  
  15  0:31  Refinery  
  15  0:41  Barracks  
  15  0:50  Refinery  
  15  0:51  SCV  
  16  1:04  SCV  
  17  1:16  SCV  
  18  1:29  Factory  
  18  1:35  Barracks Tech Lab  
  18  1:38  Orbital Command  
  18  1:48  Supply Depot  
  18  1:53  Marine  
  19  2:04  SCV  
  20  2:13  Starport  
  20  2:16  SCV  
  21  2:24  Marine  
  21  2:28  SCV  
  23  2:41  SCV  
  23  2:42  Marine  
  25  2:53  Starport Tech Lab, Fusion Core  
  25  2:55  Siege Tank  
  28  3:11  Marine  
  27  3:22  SCV  
  28  3:31  Supply Depot  
  28  3:35  Factory Tech Lab  
  27  3:44  SCV  
  27  3:48  Marine  
  29  3:53  Battlecruiser  
  35  3:56  Supply Depot, SCV  
  36  4:06  Marine  
  36  4:08  SCV  
  38  4:20  SCV  
  39  4:28  Supply Depot x2  
  39  4:31  Marine, Engineering Bay  
  40  4:32  SCV  
  41  4:44  SCV  
  42  4:56  SCV  
  42  4:57  Battlecruiser, Missile Turret  
  49  5:56  SCV  
  50  6:01  Battlecruiser  
  56  7:00  Command Center  
  56  7:01  Supply Depot, Command Center  
  56  7:05  Battlecruiser  
  56  7:07  Supply Depot  
  62  7:09  Command Center  
  62  7:14  Weapon Refit  
  62  7:37  SCV  
  63  7:47  Barracks Reactor  
  63  7:50  SCV  
  64  7:52  Supply Depot  
  59  8:30  Battlecruiser  
  60  9:11  Marine x2  
  60  9:14  SCV  
  63  9:34  Battlecruiser  
  63  9:35  Refinery  
  63  9:36  Refinery  
  63  9:37  SCV  
  70  9:42  Refinery x2  
  70  9:44  SCV  
  71  9:45  Missile Turret  
  71  9:50  SCV, Orbital Command  
  72  9:53  Refinery  
  72  9:54  Refinery  
  72  9:56  SCV  
  72  9:57  Missile Turret x2  
  72  9:58  Marine  
  72  9:59  Marine  
  75  10:02  SCV  
  76  10:08  SCV  
  77  10:14  Orbital Command  
  77  10:16  Marine  
  77  10:19  Missile Turret  
  79  10:28  Orbital Command  
  78  10:38  Battlecruiser  
  84  10:44  Armory  
  84  10:59  SCV  
  84  11:00  SCV x3  
  88  11:14  Marine  
  88  11:15  Marine  
  90  11:20  SCV x4  
  94  11:48  Thor  
  94  11:49  Marine x2  
  102  11:57  Missile Turret  
  102  12:01  Missile Turret  
  102  12:02  Missile Turret  
  102  12:04  Battlecruiser  
  102  12:05  SCV x2  
  102  12:06  SCV x2  
  112  12:23  Barracks  
  112  12:24  Factory  
  112  12:34  Thor  
  118  12:50  Marine x2  
  120  12:58  SCV x3  
  109  13:15  Battlecruiser  
  72  13:54  Siege Tank  
  75  13:56  Factory Tech Lab  
Tags
 
Add a new tag
Caveats
  • Supply blocks, unpowered buildings, or Contaminate may cause inaccurate times.
  • Supply counts are checked every 10 seconds.